 Dungeon Crawl Stone Soup version 0.31-a0-23-gcbde74481b (webtiles) character file.

Game seed: 18153760163758319010

712 pk666 the Magician (level 7, 0/36 HPs)
             Began as a Deep Elf Hedge Wizard on May 14, 2023.
             Was an Initiate of Vehumet.
             Succumbed to a water moccasin's poison
             ... on level 5 of the Dungeon.
             The game lasted 00:13:30 (6239 turns).

pk666 the Magician (Deep Elf Hedge Wizard)          Turns: 6239, Time: 00:13:30

Health: 0/36       AC:  5    Str:  7    XL:     7   Next: 41%
Magic:  13/18      EV: 12    Int: 21    God:    Vehumet [......]
Gold:   488        SH:  5    Dex: 14    Spells: 12/18 levels left

rFire   . . .        j - staff of conjuration
rCold   . . .        (no shield)
rNeg    + . .        z - +1 robe of the Abyss {SInv}
rPois   .            c - +0 hat
rElec   .            (no cloak)
rCorr   .            A - +0 pair of gloves
SInv    +            p - +0 pair of boots
Will    .....        k - amulet of reflection
Stlth   ++           x - ring of positive energy
HPRegen 0.26/turn    (no ring)
MPRegen 0.16/turn

%: reflection
@: brilliant, lethally poisoned (0 -> -8), attractive
A: no striking features
a: Renounce Religion


You were on level 5 of the Dungeon.
You worshipped Vehumet.
Vehumet was noncommittal.
You visited 2 branches of the dungeon, and saw 8 of its levels.

You collected 488 gold pieces.

Inventory:

Hand Weapons
 e - a +2 dagger of venom
Armour
 c - a +0 hat (worn)
 p - a +0 pair of boots (worn)
 z - the +1 robe of the Abyss (worn) {SInv}
   (You found it on level 3 of the Dungeon)

   SInv:      It lets you see invisible.
 A - a +0 pair of gloves (worn)
 E - the orb of Mezcal {*channel, rC+ Int+3}
   (You found it on level 6 of the Dungeon)

   Int:       It affects your intelligence (+3).
   rC:        It protects you from cold.
Magical Staves
 j - a staff of conjuration (weapon)
Jewellery
 k - an amulet of reflection (around neck)
 l - a ring of ice
 x - a ring of positive energy (left hand)
Wands
 D - a wand of mindburst (12)
Scrolls
 a - 5 scrolls of teleportation {unknown}
 b - a scroll of vulnerability {unknown}
 f - 4 scrolls of identify {unknown}
 h - 2 scrolls of enchant armour {unknown}
 o - a scroll of poison {unknown}
 r - a scroll of silence {unknown}
 s - a scroll of magic mapping {unknown}
 t - a scroll of blinking {unknown}
 v - a scroll of noise {unknown}
 y - 2 scrolls of amnesia {unknown}
 C - 3 scrolls of brand weapon {unknown}
Potions
 d - a potion of magic
 g - a potion of ambrosia {unknown}
 i - a potion of might
 m - a potion of flight {unknown}
 n - a potion of heal wounds {unknown}
 q - 2 potions of brilliance
 u - a potion of curing {unknown}
 w - a potion of attraction
 B - a potion of resistance {unknown}


   Skills:
 - Level 2.4 Dodging
 - Level 2.4 Stealth
 + Level 6.3 Spellcasting
 * Level 5.5 Conjurations
 - Level 1.1 Summonings
 - Level 1.8 Translocations
 + Level 2.7 Air Magic
 + Level 1.1 Earth Magic
 + Level 4.1 Poison Magic


You had 12 spell levels left.
You knew the following spells:

 Your Spells              Type           Power      Damage    Failure   Level
a - Magic Dart            Conj           100%       1d8       1%          1
b - Blink                 Tloc           42%        N/A       7%          2
c - Mephitic Cloud        Conj/Pois/Air  52%        N/A       5%          3

Your spell library contained the following spells:

 Spells                   Type           Power      Damage    Failure   Level
 Searing Ray              Conj           100%       2d8       1%          2
 Cigotuvi's Dreadful Rot  Necr/Pois/Air  48%        N/A       5%          2
 Stone Arrow              Conj/Erth      92%        3d12      8%          3
 Call Imp                 Summ           32%        N/A       9%          2
 Slow                     Hex            36%        N/A       10%         1
 Vhi's Electric Charge    Tloc/Air       48%        N/A       11%         3
 Fulminant Prism          Conj/Hex       20%        3d12      30%         4
 Arcjolt                  Conj/Air       26%        1d36      43%         5
 Animate Armour           Summ/Erth      32%        N/A       52%         4
 Lehudib's Crystal Spear  Conj/Erth      23%        10d6      100%        8
 Maxwell's Capacitive Co  Air            13%        ∞         100%        8


Dungeon Overview and Level Annotations

Branches:
Dungeon (7/15)             Temple (1/1) D:6

Altars:
Ashenzari
Cheibriados
Dithmenos
Elyvilon
Fedhas
Gozag
Hepliaklqana
Nemelex Xobeh
Okawaru
Qazlal
Ru
Sif Muna
Trog
Uskayaw
Vehumet
Wu Jian
Xom
Yredelemnul
The Shining One

Shops:
D:1 (   D:6 [


Message History

Confirm with . or Enter, or press ? or * to list all spells.
Aiming: Magic Dart (safe; 1% risk of failure)
Press: ? - help, Shift-Dir - straight line, f/p - water moccasin
Aim: a water moccasin (heavily wounded, 100% to hit)
You feel a surge of power!
The magic dart hits the water moccasin.
The water moccasin is severely wounded.
You feel sick. The water moccasin barely misses you.
The water moccasin bites you.
You are lethally poisoned!
The water moccasin poisons you!
Casting: Magic Dart (safe; 1% risk of failure)
Confirm with . or Enter, or press ? or * to list all spells.
Aiming: Magic Dart (safe; 1% risk of failure)
Press: ? - help, Shift-Dir - straight line, f/p - water moccasin
Aim: a water moccasin (severely wounded, 100% to hit)
You feel a surge of power!
The magic dart hits the water moccasin.
The water moccasin is almost dead.
You feel very sick.
The water moccasin bites you but does no damage.
Casting: Magic Dart (safe; 1% risk of failure)
Confirm with . or Enter, or press ? or * to list all spells.
Aiming: Magic Dart (safe; 1% risk of failure)
Press: ? - help, Shift-Dir - straight line, f/p - water moccasin
Aim: a water moccasin (almost dead, 100% to hit)
You feel a surge of power!
The magic dart hits the water moccasin.
You kill the water moccasin!
Vehumet accepts your kill.
* * * LOW HITPOINT WARNING * * *
You feel very sick.
Your Earth Magic skill increases to level 1!
Your Poison Magic skill increases to level 4!
* * * LOW HITPOINT WARNING * * *
You feel very sick.
It was a potion of brilliance.
You feel clever all of a sudden.
* * * LOW HITPOINT WARNING * * *
You feel very sick.
It was a potion of attraction.
You feel attractive to monsters.
You die...

########## ## #........#
S. ######.######.# .#
#.........###.# .#
#.####.##..##.####.#####
#.##...#.#.†.....(# #.#
#........#.##.###<# #.#
##...<...@># .# #.#
##...###### .# #.# ##..#
.. #.# ##.# ## #.# ##'##
#.# ##...## ##.##
##.....## ##...#
##.......#
#....###.........#


There were no monsters in sight!

Vanquished Creatures
  A water moccasin (D:5)
  An ogre (D:4)
  A scorpion (D:7)
  A jelly (D:2)
  An orc priest (D:7)
  A hound (D:4)
  Jessica (D:3)
  A sleepcap (D:7)
  2 iguanas
  An orc wizard (D:7)
  7 adders
  5 gnolls
  A shadow imp (D:6)
  An ufetubus (D:6)
  2 worms (D:2)
  3 dart slugs
  7 orcs
  7 endoplasms
  3 giant cockroaches
  14 goblins
  9 hobgoblins
  13 jackals
  3 quokkas
  2 ball pythons
  5 bats
  A frilled lizard (D:3)
  9 kobolds
  4 rats
107 creatures vanquished.

Notes
Turn   | Place    | Note
-------+----------+-------------------------------------------
     0 | D:1      | pk666 the Deep Elf Hedge Wizard began the quest for the
                  | Orb.
     0 | D:1      | Reached XP level 1. HP: 10/10 MP: 7/7
   395 | D:1      | Reached XP level 2. HP: 15/15 MP: 4/9
  1026 | D:1      | Reached XP level 3. HP: 19/19 MP: 4/11
  1029 | D:1      | Learned a level 2 spell: Blink
  1038 | D:1      | Learned a level 3 spell: Mephitic Cloud
  1236 | D:1      | Found Muulixy's Weapon Boutique.
  1484 | D:2      | Reached skill level 5 in Spellcasting
  1484 | D:2      | Reached skill level 1 in Poison Magic
  1571 | D:2      | Reached XP level 4. HP: 24/24 MP: 9/13
  1817 | D:2      | Reached skill level 1 in Air Magic
  2393 | D:2      | Reached XP level 5. HP: 28/28 MP: 12/14
  3198 | D:3      | Found an iron altar of Okawaru.
  3216 | D:3      | Identified the +2 scale mail of Circular Logic {rPois MP+9}
  3285 | D:3      | Found a hide-covered altar of Uskayaw.
  3400 | D:3      | Identified the +1 robe of the Abyss {SInv}
  3513 | D:3      | Noticed Jessica
  3518 | D:3      | Killed Jessica
  3556 | D:3      | Found a shimmering blue altar of Sif Muna.
  4142 | D:4      | Noticed an ogre
  4152 | D:4      | Killed an ogre
  4153 | D:4      | Reached XP level 6. HP: 30/32 MP: 3/16
  5040 | D:4      | Found a sparkling altar of Nemelex Xobeh.
  5257 | D:4      | You fall into a shaft and drop 3 floors!
  5440 | D:7      | Reached skill level 5 in Conjurations
  5448 | D:7      | Reached skill level 6 in Spellcasting
  5448 | D:7      | Reached XP level 7. HP: 36/36 MP: 0/18
  5865 | D:6      | Found a staircase to the Ecumenical Temple.
  5874 | Temple   | Entered the Ecumenical Temple
  5881 | Temple   | Became a worshipper of Vehumet
  5899 | D:6      | Found Jonor's Antique Armour Emporium.
  5965 | D:6      | Identified the orb of Mezcal {*channel, rC+ Int+3}
  6107 | D:5      | Entered Level 5 of the Dungeon
  6237 | D:5      | Reached skill level 1 in Earth Magic
  6239 | D:5      | Succumbed to a water moccasin's poison

Illustrated notes

Levels and vault maps discovered:
D:1:      dpeg_arrival_three_same_balls, layout_basic, serial_shops,
          nicolae_shop_window_shopping
D:2:      layout_loops_ring, bh_walls_and_bars
D:3:      layout_basic, nicolae_overflow_crystal_walls, tgw_sif,
          amcnicky_altar_gilded, chequers_jeans, minmay_joined_circles
D:4:      layout_basic, lemuel_round_altar, interstate_on_off
D:5:      layout_loops_corners, grunt_temple_overflow_order_and_chaos_2
D:6:      layout_basic, minmay_temple_entry_junction, serial_shops,
          kennysheep_little_box, serial_glass, glass_columns_b, glass_columns_c,
          glass_columns_b, glass_columns_b, moated_statue
D:7:      layout_loops_cross, minivault_22, uniq_pikel, uniq_menkaure,
          uniq_maggie
Temple:   nicolae_temple_no_exploring_needed

Skill      XL: |  1  2  3  4  5  6  7 |
---------------+----------------------+-----
Conjurations   | 2 3 4 5 |  5.5
Spellcasting   | 5 6 |  6.3
Poison Magic   | 1 2 3 4 |  4.1
Air Magic      | 1 2 |  2.7
Earth Magic    | 1 |  1.1
Dodging        | |  2.4
Stealth        | |  2.4
Summonings     | |  1.1
Translocations | |  1.8

Action                     |  1- 3 |  4- 6 |  7- 9 || total
---------------------------+-------+-------+-------++-------
  Melee: Dagger            |     4 |       |       ||     4
         Staff             |       |    11 |       ||    11
   Cast: Magic Dart        |    78 |   182 |    25 ||   285
         Mephitic Cloud    |       |     4 |       ||     4
         Blink             |       |     1 |       ||     1
    Use: Potion            |       |     1 |     2 ||     3
 Armour: Robe              |     6 |    14 |     1 ||    21
  Dodge: Dodged            |    18 |    23 |     3 ||    44
  Block: Other             |       |     9 |     1 ||    10

Table legend: (Time is in decaauts)
 A = Elapsed time spent in this place.
 B = Non-inter-level travel time spent in this place.
 C = Inter-level travel time spent in this place.
 D = Time resting spent in this place.
 E = Time spent auto-exploring this place.
 F = Levels seen in this place.
 G = Mean time per level.
                   A        B        C        D        E       F      G
               +--------+--------+--------+--------+--------+-----+--------+
         Total |   6238 |   6046 |    192 |    623 |   4633 |   8 |  779.8 |
       Dungeon |   6223 |   6037 |    186 |    623 |   4633 |   7 |  889.0 |
        Temple |     14 |      8 |      6 |      0 |      0 |   1 |   14.0 |
               +--------+--------+--------+--------+--------+-----+--------+

Top non-repeatable levels by time:
     D:3: 1559 daAuts
     D:1: 1440 daAuts
     D:2: 1141 daAuts
     D:4: 1114 daAuts
     D:7: 437 daAuts
     D:6: 399 daAuts
     D:5: 131 daAuts
  Temple: 14 daAuts
